 Dungeon Crawl Stone Soup version 0.18.1-48-g4cf74bf (webtiles) character file.

676392 tyranidshit the Conqueror (level 27, -13/272 (273) HPs)
             Began as a Minotaur Berserker on July 15, 2016.
             Was a High Priest of Trog.
             Killed from afar by an orb of fire (45 damage)
             ... with a fireball
             ... on level 5 of the Realm of Zot on July 16, 2016.
             The game lasted 06:25:58 (54217 turns).

tyranidshit the Conqueror (Minotaur Berserker)     Turns: 54217, Time: 06:25:59

HP:   -13/272 (273) AC: 50    Str: 32    XL:     27
MP:   27/27         EV: 35    Int:  7    God:    Trog [*****.]
Gold: 4690          SH:  8    Dex: 24    Spells: 0 memorised, 26 levels left

rFire  + . .     SeeInvis +     z - +9 war axe of Soigu {venom, rN+ Str+6}
rCold  + + .     Gourm    .     Y - +7 crystal plate armour of Resoim {rF+ Slay+2 SInv}
rNeg   + . .     Faith    .     c - -5 buckler of Truth {-Cast rPois Dex+10 Stlth-}
rPois  +         Spirit   .     (helmet restricted)
rElec  +         Dismiss  .     I - +2 cloak
rCorr  +         Reflect  +     m - +2 pair of gloves {archery}
SustAt .         Harm     .     l - +2 pair of boots {Stlth+}
MR     +++++     Rnd*Rage +     n - +5 amulet of reflection
Stlth  .......... NoCast   +    x - ring "Zykafyin" {+Blink +Fly Slay+2}
                                G - ring "Benujeji" {Ice *Confuse MR+++ Str-5 Int+4}

@: agile, about to teleport, resistant, very slightly contaminated, hasted, very
quick, almost entirely resistant to hostile enchantments, extremely unstealthy
A: retaliatory headbutt, horns 2, berserk 1, clumsy 2, dopey 1, low mp 1,
regeneration 1
a: Berserk, Trog's Hand, Brothers in Arms, Burn Spellbooks, Renounce Religion,
Evoke Blink, Evoke Flight
}: 3/15 runes: serpentine, barnacled, silver


You were on level 5 of the Realm of Zot.
You worshipped Trog.
Trog was extremely pleased with you.
You were not hungry.

You visited 11 branches of the dungeon, and saw 56 of its levels.
You visited the Abyss 4 times.
You also visited: Labyrinth, Trove and Wizlab.

You collected 9505 gold pieces.
You spent 4815 gold pieces at shops.

Inventory:

Hand Weapons
 w - the +9 blowgun of the Tiger {evade, Dex+3}
   (You bought it in a shop on level 2 of the Orcish Mines)

   It affects your evasion (+5 to EV).
   It affects your dexterity (+3).
 z - the +9 war axe of Soigu (weapon) {venom, rN+ Str+6}
   (You bought it in a shop on level 2 of the Vaults)

   It poisons the flesh of those it strikes.
   It affects your strength (+6).
   It protects you from negative energy.
 Z - the +3 short sword of Reason {drain, rElec rF++ Str+4 Int+4}
   (You found it on level 14 of the Dungeon)

   A truly terrible weapon, it drains the life of those it strikes.
   It affects your strength (+4).
   It affects your intelligence (+4).
   It greatly protects you from fire.
   It insulates you from electricity.
Armour
 c - the -5 buckler of Truth (worn) {-Cast rPois Dex+10 Stlth-}
   (You bought it in a shop on level 5 of the Dungeon)

   It affects your dexterity (+10).
   It protects you from poison.
   It prevents spellcasting.
   It makes you less stealthy.
 l - a +2 pair of boots of stealth (worn)
 m - a +2 pair of gloves of archery (worn)
 I - a +2 cloak (worn)
 Y - the +7 crystal plate armour of Resoim (worn) {rF+ Slay+2 SInv}
   (You found it on level 5 of the Vaults)

   It affects your accuracy and damage with ranged weapons and melee attacks
   (+2).
   It protects you from fire.
   It lets you see invisible.
Jewellery
 j - the ring "Rohit" {Int+3 Slay+4}
   (You found it in a treasure trove)

   [ring of intelligence]

   It affects your intelligence (+3).
   It affects your accuracy and damage with ranged weapons and melee attacks
   (+4).
 n - a +5 amulet of reflection (around neck)
 x - the ring "Zykafyin" (right hand) {+Blink +Fly Slay+2}
   (You bought it in a shop on level 4 of the Shoals)

   [ring of flight]

   It affects your accuracy and damage with ranged weapons and melee attacks
   (+2).
   It lets you fly.
   It lets you blink.
 D - the ring "Mimogebb" {rC+ Slay+3}
   (You found it on level 4 of the Depths)

   [ring of protection from cold]

   It affects your accuracy and damage with ranged weapons and melee attacks
   (+3).
   It protects you from cold.
 G - the ring "Benujeji" (left hand) {Ice *Confuse MR+++ Str-5 Int+4}
   (You bought it in a shop on level 4 of the Shoals)

   [ring of ice]

   It enhances your ice magic, and weakens your fire magic.
   It affects your strength (-5).
   It affects your intelligence (+4).
   It makes you vulnerable to fire.
   It protects you from cold.
   It affects your resistance to hostile enchantments.
   It may confuse you when you take damage.
Wands
 r - a wand of lightning (2/15)
 y - a wand of digging (20/24)
 H - a wand of disintegration (15/24)
 L - a wand of iceblast (11/15)
 O - a wand of hasting (1/9)
 U - a wand of teleportation (3/9)
 V - a wand of hasting (3/9)
Scrolls
 a - 19 scrolls of remove curse
 b - 2 scrolls of summoning
 d - 11 scrolls of recharging
 e - 11 scrolls of identify
 f - 5 scrolls of enchant armour
 u - 5 scrolls of silence
 v - 9 scrolls of fog
 C - a scroll of holy word
 E - 3 scrolls of teleportation
 F - 8 scrolls of enchant weapon
 K - a scroll of brand weapon
 T - 6 scrolls of fear
Potions
 k - 6 potions of agility
 o - 2 potions of might
 p - 7 potions of berserk rage
 q - 2 potions of ambrosia
 s - 10 potions of brilliance
 t - a potion of cancellation
 A - a potion of flight
 B - 11 potions of curing
 P - 4 potions of cure mutation
 S - 6 potions of resistance
 X - 4 potions of magic
Miscellaneous
 g - a lamp of fire
Comestibles
 i - 48 fruits
 J - 3 meat rations
 W - 5 bread rations


   Skills:
 O Level 27 Fighting
 O Level 27 Axes
 O Level 27 Armour
 + Level 26.5 Dodging
 - Level 11.3 Shields
 - Level 11.3 Evocations


You had 26 spell levels left.
You didn't know any spells.

Dungeon Overview and Level Annotations

Branches:
Dungeon (15/15)            Temple (0/1) D:5            Lair (8/8) D:10
 Shoals (4/4) Lair:5        Snake (4/4) Lair:4        Slime (0/6) Lair:7
    Orc (2/2) D:11            Elf (3/3) Orc:2        Vaults (5/5) D:13
  Crypt (3/3) Vaults:3       Tomb (2/3) Crypt:3      Depths (5/5) D:15
    Zot (5/5) Depths:5

Altars:
Ashenzari
Cheibriados
Dithmenos
Elyvilon
Fedhas
Gozag
Kikubaaqudgha
Okawaru
Pakellas
Sif Muna
Trog
Vehumet
Xom
Yredelemnul
Beogh
Jiyva

Shops:
D:4 [   D:5 **=   Orc:1 =   Orc:2 ?=(*}   Elf:1 }   Elf:2 !   Shoals:1 *
Shoals:4 =   Vaults:2 [([(   Vaults:3 *   Vaults:4 (   Depths:3 [

Portals:
Hell: Depths:1 Depths:2 Depths:3 Depths:4 Depths:5
Abyss: Depths:3 Depths:4 Depths:5
Pandemonium: Depths:3 Depths:4
Ziggurat: Depths:2

Annotations:
D:15 exclusion: Roxanne, Roxanne


Innate Abilities, Weirdness & Mutations

You reflexively headbutt those who attack you in melee.
You have a pair of horns on your head.
You tend to lose your temper in combat.
You are very clumsy. (Dex -4)
You are dopey. (Int -2)
Your magical capacity is low (-10% MP).
Your natural rate of healing is unusually fast.


Message History

You feel less contaminated with magical energies.
There is an open door here.
You feel the effects of Trog's Hand fading.
Drink which item? (? for menu, Esc to quit)
You feel agile all of a sudden.
Drink which item? (? for menu, Esc to quit)
You feel protected.
The orb of fire glows yellow.
The bolt of fire misses you.
The orb of fire glows bright magenta.
The fireball explodes!
The fireball engulfs you! You resist.
* * * LOW HITPOINT WARNING * * *
Read which item? (? for menu, Esc to quit)
As you read the scroll of teleportation, it crumbles to dust.
You feel strangely unstable.
Your skin stops crawling.
You feel less resistant to hostile enchantments.
The orb of fire glows yellow.
The fireball explodes!
The fireball engulfs you! You resist.
You die...

..............####....#
...##.#######......##.#
#'###'## #########'##
.......# #........#
.......# #....*...#
.......# #........#
.......# #........#
.......# #........#
.......# #.@......#
.......# #........#
.......# #........#
.......# #...=....#
.......# #........#
▓▓▓▓#### ######▓▓▓▓


You could see an orb of fire.

Vanquished Creatures
  An ancient lich (Crypt:3)
  The ghost of simples the Executioner, a master DDFi of Makhleb (Zot:5)
  Sojobo (Vaults:2)
  7 greater mummies
  Frederick (Depths:4)
  A curse toe (Zot:5)
  7 golden dragons
  Xtahua (Vaults:5)
  5 bone dragons
  3 electric golems
  11 liches
  A Cloud Mage (WizLab)
  12 tentacled monstrosities
  Jorgrun (Vaults:1)
  7 Orb Guardians (Zot:5)
  Rupert (D:14)
  3 deep elf blademasters
  4 deep elf master archers (Elf:3)
  5 titans
  3 quicksilver dragons
  A kraken (Shoals:2)
  13 death cobs
  4 tentacled starspawn (Abyss:2)
  14 sphinxes
  2 acid blobs (Depths:3)
  2 ancient champions (Crypt:2)
  A thorn hunter (Depths:3)
  9 shadow dragons
  7 tengu reavers
  Ilsuiw (Shoals:4)
  8 greater nagas
  3 draconian monks
  Kirke (Elf:1)
  3 revenants
  13 storm dragons
  3 draconian scorchers
  Donald (Crypt:2)
  9 fire giants
  8 frost giants
  20 vault wardens
  Wiglaf (Vaults:1)
  2 orc warlords (Depths:1)
  4 draconian knights
  An iron dragon (Vaults:5)
  5 draconian zealots
  2 deep elf sorcerers (Elf:3)
  2 curse skulls
  2 deep elf elementalists (Elf:3)
  A reaper (Depths:2)
  Aizul (Snake:3)
  6 draconian shifters
  16 stone giants
  5 ghouls
  2 spriggan defenders (Depths:4)
  7 war gargoyles
  14 ironheart preservers
  18 very ugly things
  5 salamander stormcallers
  6 draconian annihilators
  8 black draconians
  A lorocyproca (Abyss:2)
  9 deep elf demonologists
  6 green draconians
  Nessos (Lair:5)
  2 bennus (Tomb:1)
  10 vampire knights
  9 mottled draconians
  5 draconian callers
  8 deep elf annihilators
  7 red draconians
  9 white draconians
  10 yellow draconians
  Snorg (Lair:8)
  7 purple draconians
  2 eidola
  2 blizzard demons
  5 merfolk javelineers
  8 deep elf death magi
  The ghost of Rationalist the Blocker, a journeyman FoFi of Qazlal (Lair:3)
  The ghost of barakagiga the Basher, a journeyman OgHu of Okawaru (Lair:1)
  3 crystal guardians (Crypt:3)
  8 mummy priests
  12 ettins
  44 vault guards
  13 fire dragons
  16 yaktaur captains
  11 merfolk impalers
  A minotaur (Lab)
  8 small abominations
  The ghost of tyranidshit the Fighter, a journeyman MiBe of Trog (D:12)
  3 jiangshi (Crypt:2)
  5 great orbs of eyes
  14 ice dragons
  7 deep elf high priests
  4 rakshasas
  2 merfolk avatars
  16 naga warriors
  A hell beast (Depths:5)
  A juggernaut simulacrum (Depths:4)
  2 entropy weavers
  7 centaur warriors
  2 catoblepae
  5 merfolk aquamancers
  7 anacondas
  12 hydras
  12 deep troll shamans
  3 satyrs (Shoals:3)
  An alligator snapping turtle (Shoals:4)
  5 spriggan air magi
  12 ogre magi
  32 dancing weapons
  4 death knights
  20 tengu warriors
  16 death yaks (Lair:8)
  12 shock serpents
  3 sun demons (Depths:4)
  Urug (Lair:1)
  7 deep troll earth magi
  7 vampire magi
  An orc high priest (Depths:1)
  21 deep elf knights
  6 naga sharpshooters
  2 spriggans (Depths:4)
  10 spriggan berserkers (Depths:4)
  A shock serpent (shapeshifter) (Vaults:5)
  5 soul eaters
  2 thrashing horrors (Abyss:2)
  A titan zombie (Crypt:3)
  3 shadow wraiths
  A titan skeleton (Crypt:1)
  3 wretched stars
  A fire crab (Vaults:4)
  5 iron trolls
  19 hell knights
  11 sea snakes
  A spatial maelstrom (Abyss:2)
  30 deep trolls
  An unseen horror (D:14)
  4 salamander mystics
  32 skeletal warriors
  5 flayed ghosts
  An unseen horror (shapeshifter) (Vaults:5)
  10 starcursed masses
  5 death scarabs
  7 naga ritualists
  2 wizards
  A giant orange brain (shapeshifter) (Depths:5)
  A ghost moth zombie (Crypt:1)
  Pikel (D:8)
  13 deep elf archers
  3 giant orange brains
  7 ironbrand convokers
  7 hill giants
  2 harpies (shapeshifter) (Vaults:5)
  A shadow dragon zombie (Crypt:3)
  A wolf spider zombie (Crypt:1)
  An anubis guard (shapeshifter) (Vaults:4)
  21 harpies
  16 necromancers
  7 phantasmal warriors
  A shadow dragon skeleton (Vaults:3)
  21 orc knights
  3 wolf spiders (Vaults:1)
  9 anubis guards (Tomb:2)
  A hornet (shapeshifter) (Vaults:3)
  62 deep elf magi
  40 ugly things
  14 orc sorcerers
  An oklob plant (Depths:3)
  2 salamanders (shapeshifter)
  A stone giant zombie (Crypt:3)
  6 cyclopes
  13 manticores
  An iron dragon skeleton (Tomb:2)
  7 fauns (Shoals:3)
  7 mana vipers
  2 octopodes (shapeshifter)
  18 salamanders
  A fire giant skeleton (Crypt:1)
  A worldbinder (Abyss:2)
  A fire giant zombie (Crypt:1)
  27 naga magi
  11 griffons
  10 sirens
  7 guardian serpents
  20 moths of wrath
  38 black mambas
  2 elephants (shapeshifter)
  12 water nymphs
  A torpor snail (Lair:8)
  11 vault sentinels
  2 stone giant skeletons
  2 smoke demons
  Psyche (D:10)
  An ice statue (Depths:4)
  8 rust devils (Depths:4)
  13 spiny frogs
  2 dire elephant skeletons (Crypt:3)
  A spiny frog (shapeshifter) (Vaults:3)
  A centaur skeleton (D:15)
  65 yaktaurs
  5 kobold demonologists
  3 rime drakes
  A black draconian zombie (Crypt:1)
  2 rime drakes (shapeshifter)
  A harpy zombie (D:15)
  An efreet (Depths:4)
  2 ancient zymes (Abyss:2)
  17 freezing wraiths
  3 ice devils (Depths:4)
  A human skeleton (Vaults:3)
  5 komodo dragons
  16 guardian mummies
  7 tengu conjurers
  9 trolls
  4 red devils
  18 two-headed ogres
  16 merfolk
  A slime creature (shapeshifter) (Vaults:5)
  6 blink frogs
  A polar bear (Lair:8)
  A harpy skeleton (Crypt:2)
  10 wind drakes
  A jumping spider (Depths:3)
  5 boulder beetles
  An alligator zombie (Crypt:3)
  6 raiju
  A bog body (Crypt:3)
  22 slime creatures
  2 ushabtiu
  Grinder (D:3)
  A guardian serpent zombie (Crypt:2)
  A fire giant simulacrum (Crypt:2)
  A hydra skeleton (Crypt:3)
  An ice dragon zombie (Crypt:1)
  5 snapping turtles
  52 flying skulls
  An ettin zombie (Crypt:3)
  44 air elementals
  An ice dragon skeleton (Tomb:2)
  A centaur simulacrum (D:15)
  2 ettin skeletons (Crypt:1)
  4 tarantellas
  An alligator skeleton (Crypt:3)
  2 shadows
  38 yaks
  5 wyverns
  A spriggan simulacrum (Depths:4)
  9 wraiths
  3 elf simulacra
  2 fire bats (Abyss:2)
  14 water elementals
  A fire dragon skeleton (Crypt:2)
  3 basilisks
  12 redbacks
  A fire elemental (Elf:2)
  3 hogs (Elf:1)
  2 hungry ghosts
  2 basilisks (shapeshifter) (Vaults:1)
  A chaos spawn (Abyss:2)
  A steam dragon (D:9)
  A black draconian simulacrum (Crypt:1)
  13 hippogriffs
  12 wargs
  9 large abominations
  A gelid demonspawn zombie (Crypt:1)
  3 vampire mosquitoes (Vaults:3)
  The ghost of daning the Charmwright, an amateur HESk (D:4)
  A human simulacrum (Vaults:3)
  10 insubstantial wisps (WizLab)
  47 nagas
  A neqoxec (Abyss:2)
  3 mottled dragons
  5 spatial vortices (Abyss:2)
  A mottled dragon (shapeshifter) (Depths:1)
  2 swamp worms (shapeshifter) (Vaults:5)
  A torturous demonspawn zombie (Crypt:1)
  A merfolk zombie (Crypt:3)
  Duvessa (D:5)
  4 hell hounds (Depths:4)
  A giant eyeball (Depths:5)
  A spiny frog zombie (Crypt:3)
  18 water moccasins
  A water nymph skeleton (Crypt:1)
  5 porcupines
  2 wasps (Depths:4)
  22 orc warriors
  2 phantoms
  A black bear (D:10)
  3 ice beasts
  An eye of draining (D:10)
  8 necrophages
  55 ogres
  2 snapping turtle zombies
  A manticore zombie (Crypt:3)
  4 boggarts (Depths:2)
  30 wolves
  A tengu (shapeshifter) (Vaults:4)
  A boggart (shapeshifter) (Vaults:4)
  15 centaurs
  15 crocodiles
  4 big kobolds
  19 giant frogs
  2 jellies
  5 earth elementals
  2 wyvern skeletons
  A hell hound skeleton (Crypt:2)
  2 scorpions
  A manticore simulacrum (Abyss:2)
  Dowan (D:5)
  A scorpion (shapeshifter) (Elf:2)
  A boulder beetle zombie (Vaults:3)
  4 killer bees (D:11)
  A howler monkey (D:7)
  2 electric eels
  26 wights
  A wasp zombie (D:7)
  5 crimson imps
  3 quasits
  A wolf skeleton (Crypt:2)
  2 centaur zombies
  3 giant frog zombies
  2 iron imps (Abyss:2)
  A demonspawn zombie (Crypt:2)
  3 hounds
  A human zombie (Crypt:2)
  11 orc priests
  Crazy Yiuf (D:2)
  47 orc wizards
  Jessica (D:2)
  5 iguanas
  Natasha (thrice) (D:2)
  A lightning spire (Zot:1)
  12 worker ants
  A killer bee zombie (D:5)
  19 sheep
  32 mummies
  A worker ant zombie (D:10)
  9 gnolls
  46 river rats
  A scorpion zombie (Crypt:2)
  18 adders
  5 shadow imps
  13 white imps
  2 ufetubi
  An ooze (D:1)
  An iguana zombie (Crypt:1)
  5 worms
  3 dart slugs
  6 giant geckos
  96 orcs
  4 giant cockroaches
  10 goblins
  5 hobgoblins
  6 jackals
  6 quokkas
  5 bats
  A giant gecko skeleton (D:7)
  5 giant newts
  A goblin skeleton (Crypt:1)
  A jackal zombie (Crypt:1)
  13 kobolds
  An orc zombie (Crypt:2)
  7 rats
  A rat skeleton (Crypt:2)
  A rat zombie (Crypt:1)
  2 briar patches (Depths:3)
  A butterfly (Lair:8)
  3 crawling corpses (Vaults:5)
  2 fire vortices (Vaults:5)
  3 fungi
  A lurking horror (Abyss:1)
  6 plants
  7 starspawn tentacles (Abyss:2)
2686 creatures vanquished.

Vanquished Creatures (collateral kills)
  2 catoblepae (Lair:8)
  A naga sharpshooter (Snake:4)
  A salamander mystic (Snake:4)
  A naga ritualist (Snake:4)
  2 mana vipers (Snake:4)
  2 salamanders (Snake:4)
  A black mamba (Snake:4)
  A naga mage (Snake:4)
11 creatures vanquished.

Vanquished Creatures (others)
  A storm dragon (Depths:4)
  2 draconian zealots
  A deep elf high priest (Elf:3)
  An ogre mage (Vaults:4)
  A deep elf knight (Elf:3)
  32 death scarabs
  An unseen horror (Abyss:2)
  A skeletal warrior (Tomb:2)
  A deep elf archer (Elf:1)
  A wolf spider zombie (Tomb:2)
  A deep elf mage (Elf:1)
  A moth of wrath (Zot:5)
  A troll (Vaults:4)
  3 flying skulls (Tomb:2)
  A small abomination (Abyss:2)
  An orc warrior (Vaults:4)
  A slave (D:8)
  A snapping turtle simulacrum (Tomb:2)
  2 mummies
  A fire vortex (Vaults:5)
  2 fungi
  5 lost souls
  6 plants
  9 starspawn tentacles (Abyss:2)
  24 starspawn tentacle segments (Abyss:2)
  60 tentacles (Shoals:2)
  1641 tentacle segments (Shoals:2)
1802 creatures vanquished.

Grand Total: 4499 creatures vanquished

Notes
Turn   | Place    | Note
--------------------------------------------------------------
     0 | D:1      | tyranidshit the Minotaur Berserker began the quest for the Orb.
     0 | D:1      | Reached XP level 1. HP: 19/19 MP: 0/0
    51 | D:1      | Reached XP level 2. HP: 4/27 MP: 1/1
   364 | D:1      | Reached skill level 5 in Fighting
   364 | D:1      | Reached XP level 3. HP: 5/36 MP: 2/2
   555 | D:2      | Reached ** piety under Trog
   636 | D:2      | Noticed Jessica
   648 | D:2      | Killed Jessica
   648 | D:2      | Reached XP level 4. HP: 19/44 MP: 3/3
   723 | D:2      | Noticed Crazy Yiuf
   728 | D:2      | Killed Crazy Yiuf
   909 | D:2      | Noticed Natasha
   917 | D:2      | Killed Natasha
   917 | D:2      | Reached XP level 5. HP: 45/52 MP: 4/4
   962 | D:2      | Noticed Natasha
   967 | D:2      | Killed Natasha
  1177 | D:2      | Noticed Natasha
  1185 | D:2      | Killed Natasha
  1476 | D:3      | Noticed Grinder
  1482 | D:3      | Paralysed by Grinder for 5 turns
  1490 | D:3      | Paralysed by Grinder for 5 turns
  1503 | D:3      | Paralysed by Grinder for 7 turns
  1506 | D:3      | Killed Grinder
  1506 | D:3      | Reached XP level 6. HP: 36/63 MP: 5/5
  1576 | D:3      | Reached *** piety under Trog
  1613 | D:3      | Reached XP level 7. HP: 26/70 MP: 6/6
  1866 | D:4      | Noticed daning's ghost (amateur HESk)
  1876 | D:4      | Killed daning's ghost
  1876 | D:4      | Reached skill level 10 in Fighting
  2306 | D:4      | Found Ohaipime's Antique Armour Emporium.
  2310 | D:4      | Bought a pair of embroidered gloves for 99 gold pieces
  2310 | D:4      | Bought a shiny scale mail for 88 gold pieces
  2663 | D:5      | Entered Level 5 of the Dungeon
  2676 | D:5      | Reached **** piety under Trog
  2685 | D:5      | Found Reriofap's Jewellery Shoppe.
  2694 | D:5      | Found Kixesch's Assorted Antiques.
  2702 | D:5      | Found Myturat's General Store.
  2762 | D:5      | Reached XP level 8. HP: 82/82 MP: 7/7
  2843 | D:5      | Noticed Dowan
  2844 | D:5      | Noticed Duvessa
  2848 | D:5      | Killed Dowan
  2859 | D:5      | Killed Duvessa
  2958 | D:5      | Found a staircase to the Ecumenical Temple.
  3085 | D:5      | Reached skill level 5 in Axes
  3436 | D:6      | Reached skill level 5 in Armour
  3725 | D:6      | Found a shadowy altar of Dithmenos.
  3733 | D:6      | Found a radiant altar of Vehumet.
  3736 | D:6      | Found an ancient bone altar of Kikubaaqudgha.
  3738 | D:6      | Found a white marble altar of Elyvilon.
  3850 | D:6      | Got an ichor-stained glaive
  3851 | D:6      | Identified the +7 glaive of Gallantry {speed, Str+2} (You found it on level 6 of the Dungeon)
  4063 | D:7      | Identified a scroll of acquirement
  4107 | D:7      | Reached XP level 9. HP: 89/89 MP: 8/8
  4173 | D:7      | Reached skill level 5 in Dodging
  4401 | D:7      | Gained mutation: Potions and wands are less effective at restoring your health. [potion of mutation]
  4401 | D:7      | Gained mutation: You have a somewhat thin skeletal structure (Dex +2, Stealth). [potion of mutation]
  4401 | D:7      | Gained mutation: You are dopey. (Int -2) [potion of mutation]
  4402 | D:7      | Lost mutation: You are dopey. (Int -2) [potion of cure mutation]
  4402 | D:7      | Lost mutation: You have a somewhat thin skeletal structure (Dex +2, Stealth). [potion of cure mutation]
  4402 | D:7      | Lost mutation: Potions and wands are less effective at restoring your health. [potion of cure mutation]
  4418 | D:7      | Gained mutation: You have a somewhat thin skeletal structure (Dex +2, Stealth). [potion of beneficial mutation]
  5107 | D:8      | Found a shattered altar of Ashenzari.
  5339 | D:8      | Noticed Pikel
  5353 | D:8      | Killed Pikel
  5380 | D:8      | Found a bloodstained altar of Trog.
  5380 | D:8      | Found an iron altar of Okawaru.
  5422 | D:8      | Found an oddly glowing altar of Pakellas.
  5737 | D:5      | Found a white marble altar of Elyvilon.
  5815 | D:5      | Bought an ancient buckler for 199 gold pieces
  5821 | D:5      | Identified the cursed -5 buckler of Truth {-Cast rPois Dex+10 Stlth-} (You bought it in a shop on level 5 of the Dungeon)
  6295 | D:9      | Reached XP level 10. HP: 96/96 MP: 9/9
  6921 | D:10     | Entered Level 10 of the Dungeon
  6944 | D:10     | Noticed Psyche
  6952 | D:10     | Killed Psyche
  6980 | D:10     | Reached ***** piety under Trog
  7092 | D:10     | Noticed a hill giant
  7100 | D:10     | Killed a hill giant
  7126 | D:10     | Gained mutation: You are covered in fur (AC +1). [potion of beneficial mutation]
  7189 | D:10     | Found a staircase to the Lair.
  7426 | D:11     | Reached skill level 10 in Axes
  7442 | D:11     | Found a radiant altar of Vehumet.
  7446 | D:11     | Found a labyrinth entrance.
  7460 | Lab      | Entered a labyrinth
  8376 | Lab      | Noticed a minotaur
  8384 | Lab      | Killed a minotaur
  8564 | D:11     | Reached skill level 10 in Armour
  8604 | D:11     | Reached XP level 11. HP: 102/102 MP: 10/10
  8662 | D:11     | Found a staircase to the Orcish Mines.
  8728 | D:11     | Noticed a brown ugly thing
  8737 | D:11     | Killed a brown ugly thing
  8775 | D:11     | Received a gift from Trog
  8896 | D:11     | Noticed a hill giant
  8903 | D:11     | Killed a hill giant
  8903 | D:11     | Reached skill level 10 in Dodging
  9014 | Lair:1   | Entered Level 1 of the Lair of Beasts
  9053 | Lair:1   | Noticed barakagiga's ghost (journeyman OgHu)
  9063 | Lair:1   | Killed barakagiga's ghost
  9094 | Lair:1   | Noticed Urug
  9112 | Lair:1   | Killed Urug
  9364 | Lair:1   | Noticed a four-headed hydra
  9371 | Lair:1   | Killed a seven-headed hydra
  9714 | Lair:2   | Received a gift from Trog
  9931 | Lair:2   | Reached XP level 12. HP: 93/115 MP: 11/11
 10256 | Lair:3   | Noticed a seven-headed hydra
 10265 | Lair:3   | Killed a 12-headed hydra
 10535 | Lair:3   | Noticed a five-headed hydra
 10547 | Lair:3   | Killed a nine-headed hydra
 10590 | Lair:3   | Noticed Rationalist's ghost (journeyman FoFi)
 10603 | Lair:3   | Killed Rationalist's ghost
 11089 | Lair:4   | Found a frozen archway.
 11092 | Lair:4   | Noticed a seven-headed hydra
 11096 | Lair:4   | Reached ****** piety under Trog
 11106 | Lair:4   | Killed a 12-headed hydra
 11128 | Lair:4   | Reached skill level 15 in Fighting
 11264 | Lair:4   | Got a translucent chain mail
 11276 | Lair:4   | Identified the +5 chain mail of Salvation {rPois Str+9 Int+2 Stlth-} (You found it on level 4 of the Lair of Beasts)
 11380 | Lair:4   | Found a staircase to the Snake Pit.
 11488 | Lair:5   | Got a fabulously ornate robe
 11499 | Lair:5   | Identified the +0 robe of Udisafak {MR- rCorr SInv} (You found it on level 5 of the Lair of Beasts)
 11511 | Lair:5   | Noticed Nessos
 11533 | Lair:5   | Killed Nessos
 11711 | Lair:5   | Reached XP level 13. HP: 120/127 MP: 12/12
 11749 | Lair:5   | Found a staircase to the Shoals.
 11914 | Lair:5   | You fall through a shaft for 2 floors!
 11939 | Lair:7   | Received a gift from Trog
 12036 | Lair:7   | Found a snail-covered altar of Cheibriados.
 12371 | Lair:6   | Found a shattered altar of Ashenzari.
 13034 | Lair:7   | Found a viscous altar of Jiyva.
 13035 | Lair:7   | Found a staircase to the Slime Pits.
 13086 | Lair:7   | Received a gift from Trog
 13404 | Lair:8   | Entered Level 8 of the Lair of Beasts
 13414 | Lair:7   | Reached skill level 15 in Dodging
 13567 | Lair:8   | Noticed Snorg
 13581 | Lair:8   | Killed Snorg
 13650 | Lair:8   | Received a gift from Trog
 13942 | Lair:8   | Reached XP level 14. HP: 125/140 MP: 13/13
 14779 | Orc:1    | Entered Level 1 of the Orcish Mines
 14919 | Orc:2    | Entered Level 2 of the Orcish Mines
 14970 | Orc:2    | Found a staircase to the Elven Halls.
 15124 | Orc:1    | Found Cuila's Jewellery Emporium.
 15338 | Orc:2    | Paralysed by an orc sorcerer for 4 turns
 15404 | Orc:2    | Received a gift from Trog
 15472 | Orc:2    | Found Ocvazop's Gadget Boutique.
 15472 | Orc:2    | Found Acsaareu's General Store.
 15482 | Orc:2    | Found a roughly hewn altar of Beogh.
 15515 | Orc:2    | Paralysed by an orc sorcerer for 3 turns
 15568 | Orc:2    | Found Naxtis's Weapon Emporium.
 15644 | Orc:2    | Received a gift from Trog
 15653 | Orc:2    | Found Gykkoove's Jewellery Boutique.
 15653 | Orc:2    | Found Jiuzabij's Magic Scroll Shoppe.
 15962 | Orc:2    | Bought the +9 blowgun of the Tiger {evade, Dex+3} for 796 gold pieces
 15962 | Orc:2    | Bought a +5 hand axe of chopping for 409 gold pieces
 16295 | D:12     | Noticed tyranidshit's ghost (journeyman MiBe)
 16329 | D:12     | Killed tyranidshit's ghost
 16776 | D:13     | Reached XP level 15. HP: 139/152 MP: 14/14
 17143 | D:13     | Found a gate to the Vaults.
 17180 | D:13     | Received a gift from Trog
 17445 | D:14     | Got a polished short sword
 17447 | D:14     | Identified the cursed +3 short sword of Reason {drain, rElec rF++ Str+4 Int+4} (You found it on level 14 of the Dungeon)
 17514 | D:14     | Found a portal to a secret trove of treasure.
 17721 | D:14     | Found a shimmering altar of Xom.
 17722 | D:14     | Found a shimmering altar of Xom.
 17722 | D:14     | Found a shimmering altar of Xom.
 17722 | D:14     | Found a shimmering altar of Xom.
 17723 | D:14     | Found a shimmering altar of Xom.
 17724 | D:14     | Found a shimmering altar of Xom.
 17724 | D:14     | Found a shimmering altar of Xom.
 17741 | D:14     | Noticed Rupert
 17764 | D:14     | Killed Rupert
 17927 | D:15     | Entered Level 15 of the Dungeon
 18009 | D:15     | Found an oddly glowing altar of Pakellas.
 18025 | D:15     | Got a scorched leather armour
 18036 | D:15     | Identified the +1 leather armour "Gegh" {+Inv Str-4 Int+3} (You found it on level 15 of the Dungeon)
 18396 | D:15     | Found a blossoming altar of Fedhas.
 18472 | D:15     | Noticed Roxanne
 18823 | D:15     | Paralysed by something for 4 turns
 18886 | D:15     | Received a gift from Trog
 19041 | D:11     | Got a pitted battleaxe {god gift}
 19047 | D:11     | Identified the +7 battleaxe of Extremism {freeze, *Drain rElec Dex+8 Stlth-} (Trog gifted it to you on level 11 of the Dungeon)
 19289 | Snake:1  | Entered Level 1 of the Snake Pit
 19323 | Snake:1  | Reached skill level 15 in Armour
 19576 | Snake:1  | Reached XP level 16. HP: 159/165 MP: 15/15
 19618 | Snake:1  | Received a gift from Trog
 19954 | Snake:2  | HP: 8/167 [shock serpent/bolt of electricity (14)]
 20074 | Snake:2  | Received a gift from Trog
 20530 | Snake:3  | Noticed Aizul
 20563 | Snake:3  | Killed Aizul
 21300 | Snake:4  | Entered Level 4 of the Snake Pit
 21502 | Snake:4  | Reached XP level 17. HP: 54/178 MP: 16/16
 21841 | Snake:4  | Received a gift from Trog
 22365 | Snake:4  | Got a serpentine rune of Zot
 22773 | Shoals:1 | Entered Level 1 of the Shoals
 22836 | Shoals:1 | Received a gift from Trog
 22877 | Shoals:1 | Reached XP level 18. HP: 181/188 MP: 17/17
 23168 | Shoals:1 | Found Uludorag's General Store.
 23303 | Shoals:1 | Bought a meat ration for 65 gold pieces
 23303 | Shoals:1 | Bought a meat ration for 65 gold pieces
 23303 | Shoals:1 | Bought a slice of pizza for 19 gold pieces
 23964 | Shoals:3 | Received a gift from Trog
 24150 | Shoals:4 | Entered Level 4 of the Shoals
 24210 | Shoals:4 | Noticed Ilsuiw
 24213 | Shoals:4 | Reached XP level 19. HP: 195/195 MP: 18/18
 24289 | Shoals:4 | Killed Ilsuiw
 24364 | Shoals:4 | Found Reshrygh's Jewellery Boutique.
 24414 | Shoals:4 | Bought the ring "Zykafyin" {+Blink +Fly Slay+2} for 518 gold pieces
 24430 | Shoals:4 | Reached skill level 1 in Evocations
 24462 | Shoals:4 | Received a gift from Trog
 24551 | Shoals:4 | Got a barnacled rune of Zot
 24749 | Shoals:4 | Reached skill level 5 in Evocations
 24837 | Shoals:4 | Identified the Volume of Self-Improvement (You found it on level 4 of the Shoals)
 25000 | Shoals:4 | Got a spiked ice dragon armour
 25011 | Shoals:4 | Identified the +8 ice dragon armour of Rempaqups {rF- rC++ MR+ Dex+5 SInv} (You found it on level 4 of the Shoals)
 25350 | Vaults:1 | Entered Level 1 of the Vaults
 25444 | Vaults:1 | Received a gift from Trog
 25475 | Vaults:1 | Noticed Jorgrun
 25497 | Vaults:1 | Killed Jorgrun
 25692 | Vaults:1 | Noticed Wiglaf
 25709 | Vaults:1 | Killed Wiglaf
 26075 | Vaults:1 | Cast into level 2 of the Abyss (a wizard)
 26312 | Vaults:1 | Escaped the Abyss
 27115 | Vaults:2 | Reached skill level 10 in Evocations
 27121 | Vaults:2 | Received a gift from Trog
 27398 | Vaults:2 | Reached XP level 20. HP: 151/203 MP: 26/26
 27427 | Vaults:2 | Noticed Sojobo
 27468 | Vaults:2 | Killed Sojobo
 27599 | Vaults:2 | Found Fabaiqut's Weapon Emporium.
 27777 | Vaults:2 | Found Gozag's Antique Weapon Boutique.
 27836 | Vaults:2 | Found an opulent altar of Gozag.
 27836 | Vaults:2 | Found Gozag's Antique Armour Boutique.
 27839 | Vaults:2 | Bought an ancient war axe for 850 gold pieces
 27839 | Vaults:2 | Identified the +9 war axe of Soigu {venom, rN+ Str+6} (You bought it in a shop on level 2 of the Vaults)
 27848 | Vaults:2 | Found Gozag's Antique Armour Shop.
 28026 | Vaults:2 | Bought a shiny buckler for 450 gold pieces
 28260 | Vaults:3 | Received a gift from Trog
 28470 | Vaults:3 | Found Gazxoex's General Store.
 28495 | Vaults:3 | Bought a potion of haste for 160 gold pieces
 28686 | Vaults:3 | Reached skill level 15 in Axes
 28704 | Vaults:3 | Received a gift from Trog
 29161 | Vaults:3 | Found a staircase to the Crypt.
 29222 | Vaults:4 | Received a gift from Trog
 29257 | Vaults:4 | Got a heavily runed ring mail
 29268 | Vaults:4 | Identified the +5 ring mail of Calculation {Regen+ Int+4 Dex+6} (You found it on level 4 of the Vaults)
 29375 | Vaults:4 | Reached XP level 21. HP: 182/211 MP: 28/28
 29609 | Vaults:4 | Reached skill level 1 in Shields
 29677 | Vaults:4 | Found Ruciezay's Weapon Shop.
 29734 | Vaults:4 | Reached skill level 5 in Shields
 30040 | Vaults:4 | Received a gift from Trog
 30246 | Vaults:5 | Entered Level 5 of the Vaults
 30267 | Vaults:5 | Reached skill level 10 in Shields
 30282 | Vaults:5 | Received a gift from Trog
 30294 | Vaults:5 | Received a gift from Trog
 30363 | Vaults:5 | Reached XP level 22. HP: 210/222 MP: 29/29
 30537 | Vaults:5 | Noticed Xtahua
 30546 | Vaults:5 | Killed Xtahua
 30562 | Vaults:5 | Received a gift from Trog
 31251 | Vaults:5 | Got a scorched chain mail
 31262 | Vaults:5 | Identified the cursed +1 chain mail of Dithmenos's Hope {MR+} (You found it on level 5 of the Vaults)
 31290 | Vaults:5 | Got a crude chain mail
 31301 | Vaults:5 | Identified the +8 chain mail of Dusotem {Int+6 SInv} (You found it on level 5 of the Vaults)
 31345 | Vaults:5 | Got a silver rune of Zot
 31551 | Vaults:5 | Got a fine ice dragon armour
 31553 | Vaults:5 | Got a transparent crystal plate armour
 31564 | Vaults:5 | Identified the +7 crystal plate armour of Resoim {rF+ Slay+2 SInv} (You found it on level 5 of the Vaults)
 31574 | Vaults:5 | Identified the +3 ice dragon armour of Sin {rF- rC++ Int+4} (You found it on level 5 of the Vaults)
 31988 | D:15     | Found a staircase to the Depths.
 32089 | D:14     | You paid a toll of a +3 ice dragon armour to enter a treasure trove
 32090 | Trove    | Entered a treasure trove
 32094 | Trove    | Got a wavering bone ring
 32123 | Trove    | Got a transparent golden ring
 32139 | Trove    | Got a scintillating brass ring
 32158 | Trove    | Identified the ring "Rohit" {Int+3 Slay+4} (You found it in a treasure trove)
 32169 | Trove    | Identified the ring of Megalomania {rElec Str+4 SInv} (You found it in a treasure trove)
 32171 | Trove    | Identified the ring "Tilo Cio" {*Tele rPois rF++ Int-4} (You found it in a treasure trove)
 32400 | Elf:1    | Entered Level 1 of the Elven Halls
 32539 | Elf:1    | Found Nyosolar's Gadget Boutique.
 32622 | Elf:1    | Received a gift from Trog
 32707 | Elf:1    | Noticed Kirke
 32717 | Elf:1    | Killed Kirke
 32809 | Elf:1    | Found a magical portal.
 32816 | WizLab   | Entered The Chambers of Vuopre the Cloud Mage
 33024 | WizLab   | Reached XP level 23. HP: 105/236 MP: 30/30
 33046 | WizLab   | Identified the Handbook of Lightness
 33273 | Elf:1    | Received a gift from Trog
 33423 | Elf:1    | Identified the Handbook of Summoning
 33945 | Elf:2    | Found a runed gate.
 33989 | Elf:2    | Found a runed gate.
 33991 | Elf:2    | Found a runed gate.
 34012 | Elf:2    | Found Emizik's Distillery.
 34029 | Elf:2    | Bought a potion of haste for 140 gold pieces
 34335 | Elf:2    | Received a gift from Trog
 34460 | Elf:3    | Entered Level 3 of the Elven Halls
 34460 | Elf:3    | Found an ancient bone altar of Kikubaaqudgha.
 35044 | Elf:3    | Cast into level 2 of the Abyss (a deep elf sorcerer)
 35466 | Abyss:2  | Reached skill level 27 in Fighting
 35477 | Abyss:2  | Found a corrupted altar of Lugonu.
 35488 | Elf:3    | Escaped the Abyss
 35640 | Elf:3    | Gained mutation: You occasionally shout uncontrollably at your foes. [a cacodemon]
 35676 | Elf:3    | Cast into level 2 of the Abyss (a deep elf demonologist)
 35736 | Abyss:2  | Found a corrupted altar of Lugonu.
 35768 | Elf:3    | Escaped the Abyss
 36103 | Elf:3    | Got a transparent silver amulet
 36109 | Elf:3    | Identified the amulet of the Solstice {Gourm rPois SInv} (You found it on level 3 of the Elven Halls)
 36116 | Elf:3    | Got an emerald-encrusted chain mail
 36118 | Elf:3    | Identified the +1 chain mail of Yredelemnul {-Tele rC++ Str+3 Int+3} (You found it on level 3 of the Elven Halls)
 36569 | Depths:1 | Entered Level 1 of the Depths
 36570 | Depths:1 | Found a gateway to Hell.
 36825 | Depths:1 | Received a gift from Trog
 37035 | Depths:1 | Got a warped emerald amulet
 37145 | Depths:1 | Got a crude falchion
 37146 | Depths:1 | Identified the +2 falchion of Edeghim {flame, +Inv rF+} (You found it on level 1 of the Depths)
 37391 | Depths:2 | Reached XP level 24. HP: 238/249 MP: 30/30
 37499 | Depths:2 | Found a gateway to a ziggurat.
 38082 | Depths:2 | Identified the amulet "Xoekk" {Gourm Int+4 SInv} (You took it off an orc sorcerer on level 1 of the Depths)
 38102 | Depths:3 | Got an ichor-stained hand axe
 38103 | Depths:3 | Identified the +8 hand axe of Grace {chop, MR+ Dex-3 Stlth+} (You found it on level 3 of the Depths)
 38188 | Depths:3 | Received a gift from Trog
 38210 | Depths:3 | Found Tyextei's Antique Armour Boutique.
 38548 | Depths:3 | Found a one-way gate leading to the halls of Pandemonium.
 38923 | Depths:3 | Found a one-way gate to the infinite horrors of the Abyss.
 39011 | Depths:4 | Found an opulent altar of Gozag.
 39158 | Depths:4 | Found a deep blue altar of Sif Muna.
 39246 | Depths:4 | Got a vibrating tin ring
 39254 | Depths:4 | Identified the ring "Mimogebb" {rC+ Slay+3} (You found it on level 4 of the Depths)
 39376 | Depths:4 | Found a white marble altar of Elyvilon.
 39378 | Depths:4 | Noticed Frederick
 39393 | Depths:4 | Killed Frederick
 39404 | Depths:4 | Reached XP level 25. HP: 226/257 MP: 30/30
 39551 | Depths:4 | Found a shattered altar of Ashenzari.
 39628 | Depths:4 | Received a gift from Trog
 40124 | Depths:5 | Entered Level 5 of the Depths
 40359 | Depths:5 | Found a gate to the Realm of Zot.
 40527 | Depths:5 | Paralysed by a giant eyeball for 4 turns
 40647 | Depths:5 | Received a gift from Trog
 41693 | Shoals:4 | Bought the ring of Shadows {Umbra +Inv rN+ SInv} for 496 gold pieces
 42014 | Crypt:1  | Entered Level 1 of the Crypt
 42657 | Crypt:1  | Found a basalt altar of Yredelemnul.
 42914 | Crypt:2  | Noticed Donald
 42920 | Crypt:2  | Killed Donald
 43232 | Crypt:2  | Reached skill level 27 in Axes
 43591 | Crypt:3  | Entered Level 3 of the Crypt
 43597 | Crypt:3  | Reached XP level 26. HP: 266/266 MP: 30/30
 43697 | Crypt:3  | Paralysed by a vampire knight for 4 turns
 44089 | Crypt:3  | Found a staircase to the Tomb.
 44134 | Crypt:3  | Found an ancient bone altar of Kikubaaqudgha.
 44134 | Crypt:3  | Noticed an ancient lich
 44148 | Crypt:3  | Killed an ancient lich
 44148 | Crypt:3  | Received a gift from Trog
 44682 | Tomb:1   | Entered Level 1 of the Tomb of the Ancients
 44823 | Tomb:1   | Paralysed by a sphinx for 2 turns
 44966 | Tomb:1   | Noticed a greater mummy
 45099 | Tomb:1   | Killed a greater mummy
 45254 | Tomb:1   | Got a slimy war axe
 45255 | Tomb:1   | Identified the cursed +1 war axe "Pysestyshro" {freeze, *Noise rPois Int+3} (You found it on level 1 of the Tomb of the Ancients)
 45476 | Tomb:2   | Noticed a greater mummy
 45477 | Tomb:2   | Noticed a greater mummy
 45479 | Tomb:2   | Noticed a greater mummy
 45485 | Tomb:2   | Noticed a greater mummy
 45500 | Tomb:2   | Killed a greater mummy
 45513 | Tomb:1   | Killed a greater mummy
 45666 | Tomb:2   | Killed a greater mummy
 45678 | Tomb:2   | Killed a greater mummy
 46670 | Tomb:1   | Noticed a greater mummy
 46670 | Tomb:1   | Noticed a greater mummy
 46670 | Tomb:1   | Noticed a greater mummy
 46672 | Tomb:1   | Noticed a greater mummy
 46677 | Tomb:1   | Noticed a greater mummy
 46678 | Tomb:1   | Noticed a greater mummy
 46680 | Tomb:1   | Killed a greater mummy
 46682 | Tomb:1   | Killed a greater mummy
 46683 | Tomb:1   | Noticed a greater mummy
 46688 | Tomb:1   | Noticed a greater mummy
 46692 | Tomb:1   | Noticed a greater mummy
 46697 | Tomb:1   | HP: 9/265 [greater mummy/divine providence (11)]
 46772 | Tomb:1   | Noticed a greater mummy
 46773 | Tomb:1   | Noticed a greater mummy
 47748 | Depths:3 | Voluntarily entered the Abyss.
 48037 | Abyss:2  | Gained mutation: You tend to lose your temper in combat. [a neqoxec]
 48290 | Abyss:2  | Lost mutation: You are covered in fur (AC +1). [potion of cure mutation]
 48290 | Abyss:2  | Lost mutation: You tend to lose your temper in combat. [potion of cure mutation]
 48290 | Abyss:2  | Lost mutation: You have a somewhat thin skeletal structure (Dex +2, Stealth). [potion of cure mutation]
 48290 | Abyss:2  | Lost mutation: You occasionally shout uncontrollably at your foes. [potion of cure mutation]
 48359 | Abyss:2  | Reached XP level 27. HP: 255/272 MP: 30/30
 48446 | Depths:3 | Escaped the Abyss
 48789 | Shoals:4 | Bought the ring "Benujeji" {Ice *Confuse MR+++ Str-5 Int+4} for 461 gold pieces
 49242 | Zot:1    | Entered Level 1 of the Realm of Zot
 50310 | Zot:2    | Received a gift from Trog
 50418 | Zot:2    | Reached skill level 27 in Armour
 53720 | Zot:5    | Entered Level 5 of the Realm of Zot
 53817 | Zot:5    | Noticed simples's ghost (master DDFi)
 53854 | Zot:5    | Killed simples's ghost
 54112 | Zot:5    | Noticed an ancient lich
 54117 | Zot:5    | Noticed an orb of fire
 54120 | Zot:5    | Noticed an ancient lich
 54136 | Zot:5    | Gained mutation: Your natural rate of healing is unusually fast. [an orb of fire]
 54185 | Zot:5    | Gained mutation: You are clumsy. (Dex -2) [an orb of fire]
 54185 | Zot:5    | Gained mutation: You tend to lose your temper in combat. [an orb of fire]
 54192 | Zot:5    | Gained mutation: You are very clumsy. (Dex -4) [an orb of fire]
 54193 | Zot:5    | Gained mutation: Your magical capacity is low (-10% MP). [an orb of fire]
 54203 | Zot:5    | Gained mutation: You are dopey. (Int -2) [mutagenic glow]
 54217 | Zot:5    | Killed from afar by an orb of fire

Skill      XL: |  1  2  3  4  5  6  7  8  9 10 11 12 13 14 15 16 17 18 19 20 21 22 23 24 25 26 27 |
---------------+----------------------------------------------------------------------------------+-----
Fighting       | 4 5 6 7 9 11 13 15 17 19 20 22 23 24 26 27 | 27.0
Axes           | 6 8 10 11 17 18 19 23 27 | 27.0
Armour         | 5 8 10 12 15 17 18 19 20 25 27 | 27.0
Dodging        | 4 7 9 11 13 15 16 17 18 21 23 26 | 26.5
Evocations     | 10 11 | 11.3
Shields        | 11 | 11.3

Action                   |  1- 3 |  4- 6 |  7- 9 | 10-12 | 13-15 | 16-18 | 19-21 | 22-24 | 25-27 || total
-------------------------+-------+-------+-------+-------+-------+-------+-------+-------+-------++-------
Melee: Hand axe          |    59 |    66 |   188 |   542 |  1050 |   438 |   678 |       |       ||  3021
       Headbutt          |    10 |    17 |    71 |   213 |   446 |   315 |   456 |   457 |   788 ||  2773
       Quarterstaff      |       |    18 |       |       |       |       |       |       |       ||    18
       Glaive            |       |       |    89 |       |       |       |       |       |       ||    89
       Short sword       |       |       |       |       |       |   380 |       |       |     5 ||   385
       War axe           |       |       |       |       |       |       |   420 |  1148 |  1846 ||  3414
 Fire: Blowgun           |       |       |       |       |     3 |    26 |       |       |       ||    29
Invok: Trog's Hand       |     1 |     1 |     3 |     2 |    17 |    34 |    30 |    28 |    42 ||   158
       Berserk           |       |       |     1 |     8 |     8 |     4 |     7 |     5 |     9 ||    42
       Burn Spellbooks   |       |       |       |     1 |     1 |       |     1 |     6 |     2 ||    11
       Brothers in Arms  |       |       |       |       |     1 |     4 |       |       |       ||     5
 Abil: Evoke Blink       |       |       |       |       |       |       |     4 |     4 |    16 ||    24
       Stop Flying       |       |       |       |       |       |       |       |     1 |       ||     1
       Evoke Flight      |       |       |       |       |       |       |       |     1 |       ||     1
Evoke: Wand              |       |     1 |       |     9 |       |       |       |       |    15 ||    25
       Box of beasts     |       |       |       |       |     1 |       |       |       |       ||     1
  Use: Scroll            |     3 |     2 |    15 |     8 |    15 |     8 |     7 |    13 |    23 ||    94
       Potion            |       |     4 |     9 |     1 |     5 |    10 |     5 |     9 |     9 ||    52
 Stab: Sleeping          |       |     1 |       |       |       |       |       |       |       ||     1
       Distracted        |       |       |       |       |     1 |       |     1 |       |     1 ||     3
       Petrified         |       |       |       |       |     1 |       |       |       |       ||     1
       Invisible         |       |       |       |       |       |       |       |     2 |       ||     2
  Eat: Bread ration      |       |     1 |     4 |     2 |     1 |     3 |     1 |     5 |     8 ||    25
       Fruit             |       |       |       |     7 |       |     4 |     5 |       |     1 ||    17
       Royal jelly       |       |       |       |     2 |       |       |     2 |     2 |       ||     6
       Beef jerky        |       |       |       |     2 |     1 |       |     1 |       |     1 ||     5
       Chunk             |       |       |       |     1 |     2 |       |     2 |       |     2 ||     7
       Meat ration       |       |       |       |     1 |     5 |     2 |     3 |     3 |     6 ||    20
       Pizza             |       |       |       |       |     1 |     1 |     3 |     2 |       ||     7
Armor: Animal skin       |    12 |       |       |       |       |       |       |       |       ||    12
       Robe              |       |    39 |    13 |       |       |       |       |       |       ||    52
       Scale mail        |       |       |    57 |       |       |       |       |       |       ||    57
       Crystal plate arm |       |       |    80 |   411 |       |       |       |   371 |   715 ||  1577
       Chain mail        |       |       |       |    21 |   449 |   423 |   450 |    61 |       ||  1404
Dodge: Dodged            |    49 |    65 |   125 |   495 |  1223 |  1203 |  1379 |  1098 |  1663 ||  7300
Block: Buckler           |       |       |       |       |       |       |    11 |   344 |   660 ||  1015
       Reflection        |       |       |       |       |       |       |       |    23 |    13 ||    36
